Map: Dusk Towers

Players

fOru - Winner!

  • Race: Terran Terran
  • League: Diamond

ReacH

  • Race: Protoss Protoss
  • League: Platinum

VOD

Have the link to the VOD?

Description

Time

  • Played on: Feb. 24, 2016, 3:26 p.m.
  • Length: 12:35
Show
View Real Time Build Order
Export as new Build Order

fOru Terran - Winner!

Build Orders: Reaper Expand, MMM Bio 

Get SALT Encoding   

  12  0:00  SCV  
  13  0:13  SCV  
  14  0:17  Supply Depot  
  14  0:25  SCV  
  15  0:39  SCV  
  15  0:42  Barracks  
  16  0:52  SCV  
  16  0:54  Refinery  
  17  1:04  SCV  
  18  1:25  SCV  
  19  1:38  Orbital Command  
  19  1:40  Reaper  
  19  1:42  Command Center  
  20  2:01  Supply Depot  
  20  2:05  SCV  
  21  2:17  Factory, SCV  
  22  2:29  SCV  
  23  2:37  Barracks Reactor  
  23  2:41  SCV  
  23  2:44  Refinery  
  23  2:53  SCV  
  23  2:55  Orbital Command  
  26  3:05  Hellion  
  26  3:18  Starport  
  26  3:20  Marine x2  
  26  3:22  SCV x2  
  32  3:27  Hellion  
  32  3:34  SCV x2  
  32  3:38  Marine x2  
  36  3:45  Barracks  
  36  3:46  Barracks, SCV  
  36  3:47  SCV  
  36  3:48  Hellion  
  40  3:55  Marine  
  40  3:56  Medivac, Marine  
  40  3:57  Supply Depot  
  40  3:58  SCV  
  40  3:59  SCV  
  40  4:01  Supply Depot  
  46  4:09  Engineering Bay  
  46  4:12  Factory Tech Lab  
  46  4:18  SCV x2  
  46  4:20  Marine x2  
  50  4:27  Supply Depot  
  50  4:30  SCV x2  
  52  4:36  Barracks Tech Lab  
  52  4:40  Starport Reactor  
  52  4:42  SCV x2  
  52  4:44  Factory Reactor, Terran Infantry Weapons Level 1  
  54  4:48  Supply Depot x2  
  54  4:54  Stimpack, SCV  
  54  4:55  SCV  
  54  4:56  Marine x2  
  54  4:57  Marauder  
  54  4:58  Marauder  
  62  5:07  SCV x2  
  64  5:14  Marine x2  
  64  5:17  Marine  
  64  5:19  SCV x2  
  64  5:20  Combat Shields  
  69  5:22  Marauder  
  71  5:32  Marine  
  71  5:35  Marine  
  75  5:36  Marauder  
  75  5:39  Command Center  
  75  5:40  Refinery  
  75  5:41  Refinery  
  75  5:43  Marine  
  76  5:58  Barracks  
  76  5:59  Barracks  
  76  6:01  Medivac, Supply Depot  
  76  6:02  Supply Depot  
  76  6:04  Supply Depot x2  
  78  6:07  SCV x2  
  80  6:19  SCV x2  
  80  6:23  Factory Reactor  
  80  6:24  Marine  
  80  6:25  Marauder x2, Marine  
  88  6:31  SCV  
  85  6:46  Marauder  
  85  6:49  Marine x2  
  85  6:50  Marauder  
  89  6:56  Concussive Shells  
  89  6:58  Barracks Tech Lab  
  89  7:07  Marine x2  
  89  7:08  Marauder  
  91  7:11  Marauder, SCV x2  
  91  7:13  Orbital Command  
  95  7:16  Marine  
  95  7:17  Marauder, Marine  
  99  7:23  SCV  
  99  7:25  Marine x2, SCV  
  99  7:29  Medivac x2, Marauder  
  109  7:33  Marauder, Widow Mine x2  
  109  7:34  Marine x2  
  109  7:35  SCV  
  118  7:37  Marine  
  118  7:40  SCV x2  
  118  7:43  Marine  
  122  7:44  Supply Depot  
  122  7:45  Supply Depot  
  122  7:46  Supply Depot  
  122  7:47  Missile Turret, SCV  
  122  7:49  Missile Turret  
  122  7:51  Marauder  
  125  7:52  Missile Turret, SCV  
  126  8:00  Medivac x2  
  126  8:01  Widow Mine  
  126  8:05  Widow Mine, Starport  
  132  8:08  Marine x6  
  132  8:11  Marine  
  141  8:13  Terran Infantry Armor Level 1  
  141  8:26  Marine x2  
  143  8:30  Medivac  
  143  8:31  Marauder, Marine x3  
  143  8:32  Marauder  
  152  8:39  Ghost Academy  
  130  8:56  Widow Mine x2  
  130  8:59  Marauder, Marine x4  
  130  9:00  Marauder x2  
  144  9:03  Command Center  
  144  9:05  Barracks, SCV  
  144  9:06  Barracks, SCV x2  
  144  9:07  Barracks  
  147  9:17  Marine x4  
  145  9:18  SCV  
  145  9:21  Marauder x2, Marine  
  145  9:23  Personal Cloaking  
  153  9:27  Missile Turret  
  153  9:34  Engineering Bay  
  153  9:35  Armory, Factory Reactor  
  153  9:51  Supply Depot x3  
  153  9:52  Supply Depot  
  153  9:53  Refinery x2, Supply Depot  
  153  9:56  Barracks Tech Lab x2  
  153  9:58  Command Center, Barracks Reactor  
  153  10:04  Marauder, Marine x2  
  156  10:19  Liberator x2  
  156  10:26  Marauder, Marine x4  
  156  10:27  Marauder x3  
  165  10:31  Liberator x2  
  165  10:32  Widow Mine x2  
  177  11:01  Widow Mine  
  177  11:02  Liberator  
  179  11:09  Ghost x2  
  179  11:10  Liberator  
  183  11:19  Missile Turret  
  183  11:24  Marine x2  
  183  11:25  Marauder x3, Marine x2, Liberator x2  
  190  11:38  Marauder  
  189  12:09  Marine x2  
  189  12:10  Marauder x3, Marine x3  
Show
View Real Time Build Order
Export as new Build Order

ReacH Protoss 

Build Orders: 1 Gate Expand, Blink Stalkers 

Get SALT Encoding   

  12  0:01  Probe (Chrono Boost)  
  13  0:12  Probe (Chrono Boost)  
  14  0:18  Pylon  
  14  0:22  Probe (Chrono Boost)  
  15  0:36  Probe (Chrono Boost)  
  15  0:37  Gateway  
  16  0:42  Assimilator  
  16  0:47  Probe (Chrono Boost)  
  17  0:57  Probe (Chrono Boost)  
  18  1:08  Probe (Chrono Boost)  
  19  1:18  Probe (Chrono Boost)  
  20  1:30  Nexus  
  20  1:32  Probe (Chrono Boost)  
  21  1:40  Cybernetics Core  
  21  1:43  Probe (Chrono Boost)  
  21  1:46  Pylon  
  22  1:51  Assimilator  
  22  1:55  Probe (Chrono Boost)  
  23  2:07  Probe (Chrono Boost)  
  24  2:17  Adept (Chrono Boost)  
  24  2:21  Mothership Core  
  28  2:25  Pylon  
  28  2:28  Pylon  
  28  2:30  Warp Gate  
  28  2:41  Stalker (Chrono Boost)  
  28  2:42  Probe  
  31  2:44  Probe  
  32  2:54  Probe  
  32  2:55  Probe  
  32  2:57  Twilight Council  
  34  3:06  Probe  
  34  3:07  Stalker (Chrono Boost)  
  34  3:11  Probe  
  37  3:18  Probe  
  39  3:22  Gateway  
  39  3:25  Gateway  
  39  3:28  Probe  
  39  3:33  Probe  
  41  3:35  Blink (Chrono Boost)  
  41  3:40  Probe  
  41  3:41  Assimilator  
  41  3:44  Assimilator  
  41  3:46  Probe  
  43  3:53  Probe  
  43  3:54  Stalker  
  46  3:58  Probe  
  46  4:00  Pylon  
  47  4:04  Probe  
  48  4:10  Probe  
  48  4:14  Probe  
  48  4:15  Robotics Facility  
  50  4:22  Probe  
  51  4:25  Probe  
  52  4:35  Probe x2  
  52  4:37  Pylon  
  54  4:43  Pylon  
  54  4:46  Probe  
  54  4:47  Probe  
  54  4:52  Nexus  
  56  4:56  Probe  
  57  5:01  Probe  
  57  5:05  Pylon  
  58  5:07  Observer, Probe  
  58  5:09  Sentry x3  
  58  5:13  Pylon, Probe  
  66  5:24  Templar Archives  
  66  5:32  Probe  
  66  5:33  Observer  
  66  5:37  Probe  
  66  5:41  Forge x2, Stalker x2  
  71  5:44  Probe  
  71  5:49  Probe  
  70  5:56  Probe  
  72  6:01  Psionic Storm  
  72  6:04  Stalker  
  72  6:05  Stalker x2  
  72  6:06  Immortal (Chrono Boost), Pylon  
  76  6:37  Probe  
  76  6:39  Pylon  
  74  6:48  Immortal, Probe  
  74  6:49  Probe  
  74  6:51  Assimilator  
  74  6:53  Assimilator  
  80  6:57  Probe  
  81  7:01  Photon Cannon  
  81  7:02  High Templar x2  
  81  7:06  Protoss Ground Weapons Level 1 (Chrono Boost)  
  81  7:10  Stalker  
  83  7:15  Protoss Ground Armor Level 1 (Chrono Boost)  
  83  7:16  Gateway  
  83  7:17  Gateway  
  83  7:23  Probe x3  
  86  7:31  Photon Cannon  
  86  7:37  Gateway  
  86  7:38  Stalker  
  86  7:39  Stalker  
  86  7:40  Sentry, Gateway  
  92  7:52  Warp Prism (Chrono Boost)  
  92  7:56  Probe  
  95  7:59  Nexus, Probe  
  95  8:00  Photon Cannon  
  95  8:03  Probe, Pylon  
  97  8:08  Probe  
  97  8:11  Pylon  
  98  8:14  Probe  
  98  8:15  Probe  
  100  8:22  Charge (Chrono Boost)  
  100  8:24  Immortal  
  103  8:29  Stalker x2  
  103  8:33  High Templar x2  
  109  8:55  Stalker x2  
  91  9:06  Immortal  
  95  9:10  Stalker x2  
  99  9:32  Pylon  
  99  9:33  Stalker x5  
  99  9:35  Protoss Ground Weapons Level 2 (Chrono Boost)  
  99  9:36  Nexus, Pylon  
  109  9:39  Protoss Ground Armor Level 2 (Chrono Boost)  
  109  9:45  Warp Prism, High Templar x2  
  113  9:52  Probe x3  
  116  9:53  Pylon  
  116  10:04  Stalker  
  116  10:05  Stalker x4  
  126  10:33  Immortal, Stalker  
  126  10:34  Stalker  
  126  10:35  High Templar x2  
  138  10:43  Robotics Bay  
  138  10:47  Assimilator  
  138  10:54  Assimilator  
  138  10:56  Zealot x3  
  138  10:57  Zealot x2  
  146  11:25  High Templar x2  
  146  11:26  Zealot  
  146  11:27  Zealot  
  146  11:28  Zealot x3  
  156  11:34  Colossus  
  156  11:37  Pylon  
  156  11:38  Pylon  
  162  11:41  Pylon  
  162  11:42  Pylon  
  162  11:53  Robotics Facility  
  130  12:05  Stalker x6  
  130  12:06  Stalker  
  126  12:29  Zealot x7  
Tags
 
Add a new tag
Caveats
  • Supply blocks, unpowered buildings, or Contaminate may cause inaccurate times.
  • Supply counts are checked every 10 seconds.